 Dungeon Crawl Stone Soup version 0.23.0 (webtiles) character file.

Game seed: 16305593127876069038

7839 marthius the Fighter (level 11, -8/104 HPs)
             Began as a Minotaur Fighter on Feb 10, 2019.
             Was a Believer of Makhleb.
             Mangled by a large abomination (19 damage)
             ... on level 1 of the Abyss.
             The game lasted 00:43:46 (11698 turns).

marthius the Fighter (Minotaur Fighter)            Turns: 11698, Time: 00:43:47

Health: -8/104     AC: 17    Str: 24    XL:     11   Next: 2%
Magic:  3/3        EV:  5    Int:  5    God:    Makhleb [**....]
Gold:   484        SH:  9    Dex: 10    Spells: 10/10 levels left

rFire    . . .     SeeInvis .   h - +0 spear (antimagic)
rCold    . . .     Gourm    .   c - +0 shield
rNeg     . . .     Faith    .   G - +0 plate armour
rPois    +         Spirit   .   (helmet restricted)
rElec    .         Reflect  .   L - +0 cloak
rCorr    +         Harm     .   (no gloves)
MR       .....                  (no boots)
Stlth    ..........             (no amulet)
HPRegen  0.27/turn              O - ring of resist corrosion
MPRegen  0.08/turn              J - ring of poison resistance

@: no status effects
A: retaliatory headbutt, horns 2
a: Minor Destruction, Renounce Religion


You were on level 1 of the Abyss.
You worshipped Makhleb.
Makhleb was pleased with you.
You were hungry.

You visited 2 branches of the dungeon, and saw 10 of its levels.
You visited the Abyss 1 time.

You collected 484 gold pieces.

Inventory:

Hand Weapons
 a - a +0 trident
 h - a +0 antimagic spear (weapon)
 B - the +0 hand axe of Turmoil {venom, Dex+2 Stlth+}
   (You found it on level 5 of the Dungeon)

   It poisons the flesh of those it strikes.
   It affects your dexterity (+2).
   It makes you more stealthy.
Missiles
 l - 395 stones (quivered)
 r - a throwing net
 w - 5 javelins
Armour
 b - a +0 scale mail
 c - a +0 shield (worn)
 y - a +0 ring mail
 G - a +0 plate armour (worn)
 L - a +0 cloak (worn)
Jewellery
 C - an uncursed ring of positive energy
 J - a ring of poison resistance (right hand)
 N - an uncursed ring of protection from magic {unknown}
 O - a ring of resist corrosion (left hand)
Wands
 q - a wand of clouds (5)
 u - a wand of flame (9)
 x - a wand of acid (8)
 P - a wand of iceblast (7)
Scrolls
 e - a scroll of immolation
 i - a scroll of fog {unknown}
 j - a scroll of enchant weapon {unknown}
 p - a scroll of magic mapping
 s - 3 scrolls of remove curse
 z - a scroll of enchant armour {unknown}
 E - a scroll of random uselessness {unknown}
 H - a scroll of fear {unknown}
 I - 2 scrolls of blinking {unknown}
 Q - a scroll of identify
Potions
 g - a potion of curing
 m - a potion of magic {unknown}
 n - a potion of agility {unknown}
 o - a potion of invisibility {unknown}
 t - a potion of lignification
 v - a potion of heal wounds {unknown}
 A - a potion of cancellation {unknown}
 D - 2 potions of flight
 F - 2 potions of resistance
 K - 2 potions of mutation
 M - a potion of brilliance {unknown}
Comestibles
 f - 9 rations


   Skills:
 + Level 12.1 Fighting
 + Level 11.7 Polearms
 + Level 12.1 Armour
 - Level 3.6 Shields


You had 10 spell levels left.
You didn't know any spells.
Your spell library contained the following spells:

 Spells                   Type           Power        Failure   Level  Hunger
 Animate Skeleton         Necr           N/A          100%        1    ##.....
 Apportation              Tloc           #.....       100%        1    ##.....
 Confusing Touch          Hex            #.....       100%        1    ##.....
 Corona                   Hex            #......      100%        1    ##.....
 Sting                    Conj/Pois      #...         100%        1    ##.....
 Summon Small Mammal      Summ           #...         100%        1    ##.....
 Ensorcelled Hibernation  Hex/Ice        #.....       100%        2    ###....
 Poisonous Vapours        Pois/Air       #.....       100%        2    ###....
 Confuse                  Hex            #.......     100%        3    ####...
 Dazzling Spray           Conj/Hex       #.....       100%        3    ####...
 Mephitic Cloud           Conj/Pois/Air  #.......     100%        3    ####...
 Tukima's Dance           Hex            #.......     100%        3    ####...
 Olgreb's Toxic Radiance  Pois           #.......     100%        4    #####..
 Venom Bolt               Conj/Pois      #.........   100%        5    ######.


Dungeon Overview and Level Annotations

Branches:
Dungeon (9/15)             Temple (1/1) D:6
   Lair: D:8-11         Orc: D:9-12

Altars:
Ashenzari
Cheibriados
Dithmenos
Elyvilon
Fedhas
Gozag
Hepliaklqana
Kikubaaqudgha
Makhleb
Nemelex Xobeh
Okawaru
Qazlal
Ru
Sif Muna
Trog
Uskayaw
Vehumet
Wu Jian
Xom
Yredelemnul
Zin
The Shining One

Annotations:
D:5 1 runed translucent door, zkyp's ghost, novice MfWn
D:8 Psyche


Innate Abilities, Weirdness & Mutations

You reflexively headbutt those who attack you in melee.
You have a pair of horns on your head.


Message History

The large abomination is heavily damaged.
The large abomination hits you!!
* * * LOW HITPOINT WARNING * * *
You barely miss the large abomination. You headbutt the large abomination!
The large abomination is severely damaged.
The large abomination barely misses you.
You furiously retaliate!
You headbutt the large abomination, but do no damage.
You barely miss the large abomination.
You headbutt the large abomination, but do no damage.
The large abomination is severely damaged.
You hit the large abomination.
You headbutt the large abomination, but do no damage.
The large abomination is severely damaged.
The large abomination hits you.
* * * LOW HITPOINT WARNING * * *
You hit the large abomination.
The large abomination is almost destroyed.
The large abomination hits you!!
You die...

. ...# ...# .
# .# ..
#...#. #.. .#
#..# ...#. .#
# . . #
.....#.... #
.. .# #. #..
..#.# .. # #
# .#..##
##.#.. . ###
#.#.#..##....
.. ..##.....#
#.#.#.##@.# .
. .#.X..#
≈....#.#.####
#..... ..#
#.#..# ....#
#...#.... ##
≈≈.###.# #.##
♣≈≈≈... ..###
≈≈≈≈##. #


You could see a large abomination.

Vanquished Creatures
  2 centaur warriors
  A two-headed ogre (D:8)
  Maurice (D:7)
  A smoke demon (Abyss:1)
  A gargoyle (D:8)
  A troll (D:8)
  A hornet (D:7)
  A slime creature (D:8)
  2 hippogriffs (D:7)
  Sigmund (D:5)
  A wraith (D:8)
  4 yaks (D:9)
  A soldier ant (D:6)
  A sky beast (D:7)
  5 ice beasts
  5 orc warriors
  A necrophage (D:6)
  3 ogres
  A black bear (D:8)
  A centaur (D:8)
  3 bullfrogs
  2 scorpions
  5 crimson imps
  2 centaur zombies (D:7)
  A jelly (D:7)
  3 orc priests
  5 hounds
  A gnoll shaman (D:7)
  A bullfrog skeleton (D:5)
  A centaur skeleton (D:8)
  7 orc wizards
  Ijyb (D:3)
  An iguana (D:5)
  4 worker ants
  Robin (D:2)
  6 adders
  7 gnolls
  3 shadow imps
  3 adder skeletons
  3 worms
  2 dart slugs (D:2)
  A leopard gecko (D:1)
  29 orcs
  8 giant cockroaches
  21 goblins
  11 hobgoblins
  16 jackals
  5 kobolds
  6 quokkas
  2 ball pythons
  8 bats
  7 frilled lizards
  2 leopard gecko skeletons (D:5)
  6 rats
219 creatures vanquished.

Vanquished Creatures (others)
  2 withered plants (D:5)
2 creatures vanquished.

Grand Total: 221 creatures vanquished

Notes
Turn   | Place    | Note
-------+----------+-------------------------------------------
     0 | D:1      | marthius the Minotaur Fighter began the quest for the Orb.
     0 | D:1      | Reached XP level 1. HP: 19/19 MP: 0/0
   280 | D:1      | Reached XP level 2. HP: 22/27 MP: 1/1
   841 | D:1      | Reached XP level 3. HP: 33/33 MP: 2/2
  1254 | D:2      | You fall through a shaft!
  1336 | D:2      | Reached XP level 4. HP: 33/41 MP: 3/3
  1510 | D:2      | Noticed Robin
  1728 | D:2      | Killed Robin
  2466 | D:3      | Reached skill level 5 in Armour
  2489 | D:3      | Reached skill level 5 in Fighting
  2489 | D:3      | Reached XP level 5. HP: 47/48 MP: 4/4
  2701 | D:3      | Noticed Ijyb
  2719 | D:3      | HP: 2/48 [Ijyb/+0 dagger of electrocution (15)]
  2721 | D:3      | Killed Ijyb
  3447 | D:3      | Found an iron altar of Okawaru.
  3448 | D:3      | Found a radiant altar of Vehumet.
  4006 | D:4      | Reached XP level 6. HP: 56/56 MP: 5/5
  4509 | D:5      | Entered Level 5 of the Dungeon
  4524 | D:5      | Noticed Sigmund
  4953 | D:5      | Killed Sigmund
  4953 | D:5      | Reached skill level 5 in Polearms
  5074 | D:5      | Got an encrusted hand axe
  5075 | D:5      | Identified the +0 hand axe of Turmoil {venom, Dex+2 Stlth+}
                  | (You found it on level 5 of the Dungeon)
  5090 | D:5      | Reached XP level 7. HP: 59/64 MP: 2/6
  5334 | D:5      | Found a runed translucent door.
  5334 | D:5      | Noticed zkyp's ghost (novice MfWn)
  6123 | D:5      | Reached XP level 8. HP: 37/73 MP: 2/7
  7007 | D:6      | Found a blossoming altar of Fedhas.
  7092 | D:6      | Found a sacrificial altar of Ru.
  7217 | D:6      | Found a staircase to the Ecumenical Temple.
  7226 | Temple   | Entered the Ecumenical Temple
  7304 | Temple   | Became a worshipper of Makhleb the Destroyer
  8156 | D:7      | Reached XP level 9. HP: 80/82 MP: 2/8
  8368 | D:7      | Reached * piety under Makhleb
  8649 | D:8      | Noticed Maurice
  8881 | D:8      | Noticed a two-headed ogre
  8893 | D:7      | Reached skill level 10 in Fighting
  8893 | D:7      | Reached skill level 10 in Armour
  8993 | D:8      | Noticed a two-headed ogre
  9362 | D:7      | Killed Maurice
  9389 | D:8      | Reached skill level 10 in Polearms
  9587 | D:9      | Reached XP level 10. HP: 85/94 MP: 3/9
  9866 | D:9      | Noticed a gargoyle
  9867 | D:9      | Noticed a centaur warrior
 10488 | D:8      | Found a sparkling altar of Nemelex Xobeh.
 10587 | D:8      | Killed a centaur warrior
 10644 | D:8      | Killed a gargoyle
 10644 | D:8      | Reached ** piety under Makhleb
 10903 | D:9      | Noticed a centaur warrior
 10926 | D:9      | Killed a centaur warrior
 11241 | D:8      | Killed a two-headed ogre
 11615 | D:8      | Noticed Psyche
 11629 | D:8      | Cast into level 1 of the Abyss (Psyche)
 11672 | Abyss:1  | Noticed a large abomination
 11677 | Abyss:1  | Noticed a smoke demon
 11685 | Abyss:1  | Killed a smoke demon
 11685 | Abyss:1  | Reached XP level 11. HP: 104/104 MP: 3/10
 11698 | Abyss:1  | Mangled by a large abomination

Skill      XL: |  1  2  3  4  5  6  7  8  9 10 |
---------------+-------------------------------+-----
Armour         | 4 5 6 7 9 10 12 | 12.1
Fighting       | 4 5 6 7 8 10 12 | 12.1
Polearms       | 3 4 5 6 8 10 11 | 11.7
Shields        | |  3.6

Action                   |  1- 3 |  4- 6 |  7- 9 | 10-12 || total
-------------------------+-------+-------+-------+-------++-------
Melee: Trident           |   111 |   169 |       |       ||   280
       Headbutt          |     9 |    20 |   115 |    68 ||   212
       Spear             |       |    44 |   534 |   272 ||   850
Throw: Stone             |       |       |    24 |     3 ||    27
  Use: Scroll            |       |     3 |     4 |     4 ||    11
       Potion            |       |       |     3 |     5 ||     8
  Eat: Chunk             |     1 |     7 |    10 |     3 ||    21
       Ration            |       |     2 |     1 |     1 ||     4
Armor: Scale mail        |    37 |    58 |    18 |       ||   113
       Plate armour      |       |       |   164 |    78 ||   242
       Skin              |       |       |       |     9 ||     9
Dodge: Dodged            |    20 |    46 |    59 |    37 ||   162
Block: Shield            |    44 |    84 |   181 |    85 ||   394
